Map: Data-C

Players

DnS

  • Race: Protoss Protoss
  • Spawn Location: 3:00

Spirit - Winner!

  • Race: Terran Terran
  • Spawn Location: 9:00

Event: DreamHack SC2 Masters 2022 Atlanta (Offline)

VOD

Have the link to the VOD?

Description

Time

  • Played on: Nov. 18, 2022, 10:50 a.m.
  • Length: 15:32

All games in this series

Show
View Real Time Build Order
Export as new Build Order

DnS Protoss 

Build Orders: 1 Gate Expand, Phoenix Opening, Zealot Archon 

Get SALT Encoding   

  12  0:00  Probe  
  13  0:12  Probe  
  14  0:17  Pylon  
  14  0:24  Probe (Chrono Boost)  
  15  0:36  Probe (Chrono Boost)  
  15  0:37  Gateway  
  16  0:43  Probe (Chrono Boost)  
  16  0:46  Assimilator  
  17  0:51  Probe  
  18  1:03  Probe  
  19  1:15  Probe  
  20  1:24  Nexus  
  20  1:35  Cybernetics Core  
  20  1:36  Probe  
  21  1:42  Assimilator  
  20  1:48  Probe  
  20  1:53  Pylon  
  21  2:00  Probe  
  22  2:08  Adept (Chrono Boost), Probe  
  25  2:17  Probe  
  25  2:18  Stargate  
  26  2:27  Warp Gate, Probe  
  27  2:31  Adept (Chrono Boost)  
  27  2:36  Probe  
  30  2:39  Probe  
  31  2:48  Probe  
  32  2:51  Probe  
  32  2:55  Adept  
  33  3:00  Probe  
  33  3:04  Probe (Chrono Boost)  
  34  3:12  Phoenix, Probe (Chrono Boost)  
  38  3:21  Probe (Chrono Boost)  
  38  3:23  Probe (Chrono Boost)  
  39  3:28  Probe (Chrono Boost)  
  39  3:30  Probe  
  41  3:37  Phoenix  
  41  3:40  Probe  
  42  3:44  Adept  
  42  3:45  Gateway  
  44  3:51  Probe  
  44  3:52  Probe, Pylon  
  46  4:10  Phoenix, Probe x2  
  49  4:22  Probe x2  
  49  4:23  Nexus  
  51  4:24  Twilight Council  
  51  4:25  Pylon  
  50  4:34  Probe x2  
  50  4:36  Phoenix (Chrono Boost), Assimilator  
  54  4:45  Pylon  
  54  4:46  Probe  
  54  4:47  Charge (Chrono Boost)  
  54  4:50  Probe  
  56  4:53  Forge  
  56  4:54  Gateway  
  56  4:59  Probe  
  57  5:02  Probe  
  57  5:06  Phoenix  
  60  5:11  Probe  
  61  5:14  Probe  
  61  5:19  Pylon  
  62  5:23  Probe  
  62  5:26  Probe  
  62  5:28  Protoss Ground Armor Level 1 (Chrono Boost)  
  64  5:35  Probe  
  65  5:36  Sentry  
  65  5:38  Gateway  
  65  5:39  Gateway  
  65  5:40  Probe x2  
  65  5:42  Gateway  
  69  5:47  Gateway  
  69  5:52  Gateway  
  69  5:53  Probe x2  
  69  5:54  Probe  
  69  5:56  Zealot  
  74  5:58  Zealot  
  74  6:02  Zealot  
  78  6:05  Probe  
  78  6:07  Probe  
  78  6:08  Probe  
  81  6:17  Gateway, Probe  
  81  6:25  Zealot x2  
  85  6:29  Probe  
  86  6:33  Templar Archives  
  86  6:34  Phoenix  
  86  6:36  Probe  
  86  6:38  Probe  
  86  6:39  Shield Battery  
  90  6:43  Zealot  
  92  6:48  Pylon  
  92  6:50  Pylon x2  
  92  6:54  Gateway  
  92  6:57  Gateway  
  92  7:03  Probe  
  92  7:06  Phoenix, Probe x2  
  92  7:07  Pylon  
  97  7:11  Robotics Facility, High Templar  
  97  7:15  High Templar  
  101  7:17  Pylon  
  101  7:18  Zealot x2  
  101  7:19  Archon  
  101  7:20  Pylon  
  101  7:22  Probe x2  
  107  7:23  Probe  
  108  7:30  Protoss Ground Weapons Level 1 (Chrono Boost)  
  108  7:31  Assimilator  
  108  7:32  Assimilator  
  108  7:34  Probe  
  109  7:39  Zealot x6  
  109  7:43  Probe  
  122  7:53  Nexus, Probe  
  122  7:54  Probe  
  122  7:55  Probe  
  122  7:56  Assimilator  
  122  7:57  Pylon  
  121  8:06  Robotics Bay  
  121  8:07  Observer  
  121  8:08  Robotics Facility  
  121  8:12  Probe x3  
  125  8:24  Probe x2  
  125  8:26  Zealot x7  
  125  8:27  Zealot  
  143  8:30  Shield Battery  
  143  8:35  Pylon  
  141  8:45  Pylon  
  141  8:46  Pylon  
  141  8:47  Pylon  
  141  8:49  Photon Cannon  
  141  8:53  Colossus (Chrono Boost)  
  146  9:03  Colossus (Chrono Boost)  
  146  9:05  Zealot x2  
  156  9:11  Probe  
  156  9:16  Probe  
  158  9:18  Forge  
  154  9:27  Zealot x7  
  156  9:44  Zealot x3  
  154  9:49  Zealot x3  
  132  10:02  Colossus x2  
  120  10:22  Photon Cannon  
  117  10:30  Probe  
  117  10:32  Probe x2  
  118  10:39  Protoss Ground Weapons Level 2 (Chrono Boost)  
  118  10:41  High Templar  
  118  10:42  Zealot x5, High Templar x3  
  132  10:43  Zealot  
  132  10:46  Archon x2  
  132  10:47  Probe x2  
  132  10:48  Probe  
  142  10:57  Observer  
  142  11:01  Nexus  
  142  11:02  Pylon  
  142  11:05  Assimilator  
  142  11:08  Assimilator  
  142  11:16  Pylon  
  142  11:17  Disruptor  
  145  11:23  Observer  
  145  11:24  Disruptor  
  148  11:31  Probe x2  
  150  11:35  Extended Thermal Lance (Chrono Boost)  
  150  11:36  Shield Battery  
  150  11:37  Probe  
  150  11:38  Photon Cannon  
  151  11:46  Observer  
  151  11:50  Probe x3  
  151  11:52  Shield Battery  
  154  11:57  Disruptor x2 (Chrono Boost)  
  160  12:08  Stalker  
  160  12:09  Stalker x3  
  160  12:13  Pylon  
  168  12:15  Stalker  
  168  12:16  Pylon  
  168  12:17  Probe  
  168  12:18  Probe  
  168  12:19  Probe  
  168  12:20  Probe  
  174  12:24  Pylon  
  174  12:26  Stalker  
  174  12:29  Disruptor  
  176  12:33  Disruptor  
  181  12:38  Probe x2  
  181  12:39  Probe  
  181  12:43  Assimilator  
  184  12:53  Stalker x3  
  184  12:58  Zealot x3  
  196  13:06  Disruptor  
  199  13:21  Gateway  
  199  13:23  Gateway  
  199  13:26  Gateway  
  173  13:30  Zealot x9, Gateway  
  112  13:50  Stalker x3  
  112  13:51  Stalker x4  
  112  13:55  Twilight Council  
  106  14:12  Pylon  
  106  14:16  Pylon  
  106  14:17  Stalker x5  
  106  14:22  Probe x3  
  106  14:23  Pylon  
  119  14:34  Probe  
  120  14:45  Stalker x5  
  130  14:48  Stalker  
  130  14:50  Stalker  
  134  14:54  Templar Archives  
  134  14:59  Stalker  
  136  15:01  Stalker  
  132  15:13  Forge  
  132  15:18  Stalker x4  
Show
View Real Time Build Order
Export as new Build Order

Spirit Terran - Winner!

Build Orders:  

Get SALT Encoding   

  12  0:00  SCV  
  13  0:12  SCV  
  14  0:17  Supply Depot  
  14  0:24  SCV  
  15  0:38  SCV  
  15  0:40  Barracks  
  16  0:44  Refinery  
  16  0:50  SCV  
  17  1:03  SCV  
  18  1:15  SCV  
  19  1:28  Orbital Command, Marine  
  20  1:43  Command Center  
  20  1:48  Reaper  
  20  1:52  Supply Depot  
  21  1:55  SCV  
  22  2:08  SCV  
  23  2:10  Factory  
  23  2:15  Refinery  
  23  2:20  SCV  
  23  2:22  Bunker  
  24  2:23  Marine  
  25  2:32  SCV  
  26  2:42  Barracks Reactor  
  27  2:44  SCV  
  27  2:56  SCV  
  27  2:57  Hellion  
  30  3:03  Starport  
  30  3:04  Orbital Command  
  29  3:08  SCV  
  29  3:17  Marine  
  29  3:18  Widow Mine  
  32  3:20  SCV  
  32  3:21  Marine  
  34  3:30  SCV  
  34  3:32  SCV  
  36  3:35  Marine  
  36  3:39  Widow Mine  
  39  3:42  SCV  
  39  3:43  Viking  
  39  3:44  SCV  
  43  3:48  Supply Depot  
  43  3:54  SCV  
  44  3:56  SCV  
  44  4:02  Supply Depot, Factory Tech Lab  
  45  4:06  Marine  
  46  4:10  SCV x2, Marine  
  46  4:13  Medivac  
  51  4:20  Supply Depot  
  51  4:22  SCV x2  
  56  4:24  Cyclone  
  54  4:34  SCV x2  
  54  4:35  Command Center  
  56  4:42  Viking  
  58  4:46  SCV x2  
  58  4:48  Marine  
  58  4:49  Supply Depot  
  58  4:50  Marine  
  62  4:56  Cyclone  
  62  4:58  SCV x2  
  67  5:01  Barracks  
  67  5:10  Barracks, SCV  
  67  5:11  SCV  
  67  5:13  Refinery  
  68  5:15  Marine  
  68  5:18  Starport Tech Lab  
  68  5:23  SCV x2, Refinery  
  68  5:28  Siege Tank  
  73  5:35  SCV x2  
  75  5:37  Engineering Bay  
  75  5:38  Engineering Bay  
  75  5:41  Marine x2  
  77  5:47  SCV x2  
  77  5:49  Starport Reactor  
  79  5:57  Barracks, Orbital Command  
  79  5:59  Barracks  
  79  6:00  Stimpack  
  81  6:04  Marine  
  81  6:05  Marauder  
  81  6:08  Marine  
  85  6:12  SCV  
  85  6:17  SCV  
  86  6:24  SCV  
  81  6:26  Marauder  
  81  6:27  Terran Infantry Armor Level 1, Terran Infantry Weapons Level 1  
  81  6:31  Missile Turret  
  83  6:32  Missile Turret  
  83  6:33  Supply Depot, SCV, Factory Reactor  
  83  6:35  Bunker, Combat Shield  
  83  6:38  SCV, Missile Turret  
  84  6:43  Marine x2  
  84  6:44  Marauder  
  84  6:45  Barracks Reactor, Orbital Command  
  84  6:46  SCV  
  88  6:48  Barracks Tech Lab, Marauder  
  88  6:50  SCV  
  91  6:58  SCV  
  92  7:02  Supply Depot, SCV  
  92  7:05  Supply Depot, Marauder  
  92  7:08  Medivac x2  
  97  7:10  SCV  
  97  7:11  SCV  
  101  7:21  Supply Depot x2  
  101  7:23  SCV x3, Armory, Widow Mine x2  
  101  7:28  Marine  
  101  7:29  Marauder x2  
  112  7:31  Supply Depot  
  112  7:32  Marauder, Marine  
  112  7:35  Marine  
  112  7:36  Marine  
  117  7:43  Medivac x2  
  121  7:45  Widow Mine  
  121  7:46  Marine  
  121  7:49  Marine  
  121  7:50  Marauder, Marine  
  128  7:53  Marine  
  128  7:54  Marauder, Marine  
  128  7:58  Widow Mine  
  134  8:02  SCV  
  134  8:03  SCV  
  134  8:04  Marine  
  137  8:06  Widow Mine  
  137  8:08  Marauder  
  137  8:10  Ghost Academy  
  137  8:12  Supply Depot  
  141  8:14  Supply Depot x2  
  141  8:15  Marine  
  141  8:26  Refinery  
  141  8:28  Refinery  
  141  8:33  Marine x3  
  141  8:34  Marauder x2  
  148  8:35  Medivac x2  
  148  8:36  SCV, Widow Mine, Marauder  
  157  8:45  SCV x2  
  157  8:46  Command Center  
  157  8:48  SCV, Marine  
  160  8:49  Supply Depot  
  160  8:55  Marauder  
  163  8:57  SCV x2  
  165  9:07  Terran Infantry Weapons Level 2  
  165  9:08  Terran Infantry Armor Level 2  
  165  9:10  Marine x2  
  165  9:11  SCV x2, Medivac, Marauder  
  165  9:14  Marauder  
  165  9:15  Supply Depot  
  173  9:17  Supply Depot, Widow Mine  
  173  9:22  Widow Mine  
  173  9:28  Marine  
  173  9:38  Marine x4, Ghost x2  
  173  9:43  Medivac x2  
  173  9:45  SCV x2  
  181  9:46  SCV  
  181  9:47  Marine  
  178  9:56  Marine  
  178  9:57  SCV  
  138  10:13  Viking x2  
  137  10:15  Ghost  
  137  10:16  Marine, Ghost x2  
  137  10:18  Marine  
  137  10:20  Marine  
  139  10:23  Marine  
  139  10:27  SCV x3  
  133  10:34  Marine  
  134  10:36  Starport, Marine  
  134  10:38  Marine  
  134  10:39  SCV x2  
  134  10:40  SCV  
  134  10:41  Terran Ship Weapons Level 1, Marine  
  140  10:44  Marine x2  
  140  10:45  Marauder  
  136  10:51  SCV x2, Missile Turret  
  136  10:52  SCV, Marine  
  136  10:53  Planetary Fortress  
  140  11:01  Viking  
  140  11:03  Marauder x2  
  140  11:04  Viking  
  148  11:09  Refinery x2, Marauder  
  150  11:14  Factory Tech Lab  
  150  11:22  Viking x2  
  150  11:24  Supply Depot, Marauder x2  
  158  11:30  Marine  
  158  11:31  Viking  
  161  11:34  Viking  
  161  11:35  Marine  
  164  11:42  Barracks, Enhanced Shockwaves  
  164  11:43  Barracks, Marine  
  164  11:44  Marauder  
  167  11:47  Barracks  
  167  11:52  Viking  
  171  11:54  Fusion Core  
  171  11:55  Marauder, Marine  
  171  11:57  Marauder, Marine  
  171  11:59  Marine  
  178  12:03  Marine  
  178  12:05  Marauder  
  181  12:11  Viking  
  181  12:13  Marine  
  181  12:14  Marine  
  183  12:17  Marauder  
  183  12:18  Marauder  
  187  12:26  Command Center  
  187  12:27  Marauder  
  187  12:28  Terran Infantry Weapons Level 3  
  189  12:31  Barracks Tech Lab x2  
  189  12:32  Concussive Shells  
  189  12:33  Barracks Tech Lab  
  188  12:38  Marauder  
  188  12:39  Terran Ship Weapons Level 2  
  188  12:40  Marauder, Marine  
  188  12:42  Advanced Ballistics  
  188  12:44  Marine  
  193  12:46  Marine  
  193  12:48  Marauder  
  193  12:49  Marauder, Marine  
  200  12:52  Terran Infantry Armor Level 3  
  194  13:09  Refinery  
  194  13:14  Refinery  
  194  13:17  Liberator x2  
  200  13:25  Marine  
  195  13:28  Marine  
  195  13:34  Marauder x2, Marine  
  195  13:36  Marine x5  
  195  13:40  Liberator x2  
  186  13:43  Marine  
  186  13:46  Marine  
  176  13:50  Planetary Fortress  
  176  13:51  SCV x3  
  176  13:52  SCV, Marine  
  176  13:54  Marine x2, Ghost x3  
  176  13:55  Marauder  
  189  13:56  Marauder  
  189  14:00  Liberator  
  189  14:02  Marine  
  189  14:03  SCV  
  189  14:06  Liberator, Marine  
  186  14:13  Marauder  
  186  14:15  Ghost  
  190  14:19  SCV x3  
  190  14:20  Missile Turret  
  190  14:21  SCV  
  190  14:22  Liberator  
  197  14:31  Marauder, Marine  
  198  15:05  Command Center  
  195  15:07  Marauder, Marine  
Tags
 
Add a new tag
Caveats
  • Supply blocks, unpowered buildings, or Contaminate may cause inaccurate times.
  • Supply counts are checked every 10 seconds.